 Dungeon Crawl Stone Soup version 0.31-a0-986-g5e6e4ef867 (webtiles) character file.

Game seed: 11937431705705049865

16 dialectric the Covert (level 2, -1/16 HPs)
             Began as a Spriggan Delver on Nov 3, 2023.
             Was an Initiate of Trog.
             Succumbed to an adder's poison
             ... on level 4 of the Dungeon.
             The game lasted 00:01:33 (261 turns).

dialectric the Covert (Spriggan Delver)              Turns: 261, Time: 00:01:33

Health: -1/16      AC:  2    Str:  8    XL:     2   Next: 41%
Magic:  3/3        EV: 17    Int: 11    God:    Trog [......]
Gold:   21         SH:  0    Dex: 16    Spells: 1/1 levels left

rFire   . . .        j - +0 dagger
rCold   . . .        (no shield)
rNeg    . . .        b - +0 robe
rPois   .            (helmet restricted)
rElec   .            (no cloak)
rCorr   .            (gloves unavailable)
SInv    +            (boots unavailable)
Will    .....        (no amulet)
Stlth   +++          (no ring)
HPRegen 0.22/turn    (no ring)
MPRegen 0.08/turn

%: no passive effects
@: lethally poisoned (-1 -> -2), slow
A: very small, no large weapons, unfitting armour, see invisible, speed 3,
camouflage 1, high MP 1, wild magic 1
a: Renounce Religion


You were on level 4 of the Dungeon.
You worshipped Trog.
Trog was noncommittal.
You visited 1 branch of the dungeon, and saw 3 of its levels.

You collected 21 gold pieces.

Inventory:

Hand Weapons
 a - a +0 falchion
 j - a +0 dagger (weapon)
Armour
 b - a +0 robe (worn)
 i - a +0 hat
Talismans
 h - a blade talisman
 n - a flux talisman
Wands
 g - a wand of digging (3)
Scrolls
 c - a scroll of fog
 d - a scroll of revelation
 e - a scroll of fear
 l - 2 scrolls of identify {unknown}
Potions
 f - a potion of haste


   Skills:
 + Level 2.4 Fighting
 + Level 1.6 Long Blades
 + Level 0.3 Throwing
 + Level 2.7 Dodging
 * Level 8.0 Stealth


You had one spell level left.
You didn't know any spells.
Your spell library was empty.

Dungeon Overview and Level Annotations

Branches:
Dungeon (6/15)
 Temple: D:4-7

Altars:
Trog


Innate Abilities, Weirdness & Mutations

You are very small and have problems with some larger weapons.
You are too small for most types of armour.
You have supernaturally acute eyesight. (SInv)
You cover ground extremely quickly. (Speed+++)
Your skin changes colour to match your surroundings (Stealth+).
You have an increased reservoir of magic. (+10% MP)
Your spells are a little harder to cast, but a little more powerful.


Message History

The adder hisses angrily.
You hit the adder but do no damage.
You feel sick. The adder closely misses you.
Your unstable footing causes you to fumble your attack.
You feel sick. The adder closely misses you.
Unknown command.
You feel sick.
You are no longer poisoned.
The adder attacks as it pursues you! The adder bites you but does no damage.
The adder completely misses you. The adder bites you.
Your unstable footing causes you to fumble your attack.
The adder bites you.
You are lethally poisoned!
The adder poisons you!
You feel sick. The adder attacks as it pursues you! The adder bites you.
* * * LOW HITPOINT WARNING * * *
The adder misses you.
* * * LOW HITPOINT WARNING * * *
You feel sick. The adder misses you.
You feel much better.
You feel sick. The adder misses you. The adder bites you but does no damage.
You enter the shallow water.
Moving in this stuff is going to be slow.
Things that are here:
a +1 whip of distortion; a kobold corpse You feel sick.
You feel sick.
You are no longer poisoned.
The adder bites you. The adder bites you but does no damage.
The adder bites you.
You are poisoned.
The adder poisons you!
You feel sick.
You see here a giant cockroach corpse.
You enter the shallow water.
Moving in this stuff is going to be slow.
You feel sick. The adder bites you.
* * * LOW HITPOINT WARNING * * *
You die...

#......#
#......#
#......#
##.##### #o#
#.# #.# #.#
#########
#.###~~~SS~@##
#.##)#######~#
#.##.# #†#
#.##~# #~#
#.##~# #~#
#.##~#####~#.#
#.###~~~~~##.#
#...########~#
####~o~~~.~~##


You could see 2 adders.

Vanquished Creatures
  An adder (D:4)
  An orc (D:4)
  A giant cockroach (D:4)
  A kobold (D:4)
  A quokka (D:4)
  2 rats (D:4)
7 creatures vanquished.

Notes
Turn   | Place    | Note
-------+----------+-------------------------------------------
     0 | D:5      | dialectric the Spriggan Delver began the quest for the Orb.
     0 | D:5      | Reached XP level 1. HP: 11/11 MP: 2/2
    45 | D:6      | Found a bloodstained altar of Trog.
    49 | D:6      | Became a worshipper of Trog the Wrathful
    81 | D:5      | Noticed an iguana
   200 | D:4      | Reached XP level 2. HP: 16/16 MP: 3/3
   219 | D:4      | Gained mutation: Your spells are a little harder to cast,
                  | but a little more powerful. [potion of mutation]
   219 | D:4      | Gained mutation: You have an increased reservoir of magic.
                  | (+10% MP) [potion of mutation]
   219 | D:4      | Gained mutation: Your skin changes colour to match your
                  | surroundings (Stealth+). [potion of mutation]
   236 | D:4      | Reached skill level 8 in Stealth
   261 | D:4      | Succumbed to an adder's poison

Illustrated notes

Levels and vault maps discovered:
D:4:      layout_basic, kennysheep_slug_shrine, gup_sewer_entry_spiral,
          uniq_natasha, uniq_edmund
D:5:      layout_basic, mainiacjoe_overflow_concentric_impassable,
          lightli_corner_chamber
D:6:      layout_loops_corners, mainiacjoe_overflow_swirl

Skill      XL: |  1  2 |
---------------+-------+-----
Stealth        | 8 |  8.0
Fighting       | |  2.4
Long Blades    | |  1.6
Throwing       | |  0.3
Dodging        | |  2.7

Action                     || total
---------------------------++-------
  Melee: Falchion          ||    20
         Dagger            ||     3
  Throw: Dart              ||     2
    Use: Potion            ||     4
 Armour: Robe              ||    18
  Dodge: Dodged            ||    31

Table legend: (Time is in decaauts)
 A = Elapsed time spent in this place.
 B = Non-inter-level travel time spent in this place.
 C = Inter-level travel time spent in this place.
 D = Time resting spent in this place.
 E = Time spent auto-exploring this place.
 F = Levels seen in this place.
 G = Mean time per level.
                   A        B        C        D        E       F      G
               +--------+--------+--------+--------+--------+-----+--------+
         Total |    212 |    196 |     16 |      0 |      8 |   3 |   70.7 |
       Dungeon |    212 |    196 |     16 |      0 |      8 |   3 |   70.7 |
               +--------+--------+--------+--------+--------+-----+--------+

Top non-repeatable levels by time:
     D:4: 118 daAuts
     D:5: 54 daAuts
     D:6: 39 daAuts
